 Dungeon Crawl Stone Soup version 0.28.0-43-g3370ac3207 (webtiles) character file.

Game seed: 852051069878892187

4288 ultragoat the Grappler (level 8, -3/84 HPs)
             Began as a Troll Monk on Mar 20, 2022.
             Was a Believer of Ru.
             Slain by a vault guard
             ... wielding a +0 broad axe
              (23 damage)
             ... in a bailey.
             The game lasted 00:38:04 (5634 turns).

ultragoat the Grappler (Troll Monk)                 Turns: 5634, Time: 00:38:04

Health: -3/84      AC:  5    Str: 25    XL:     8   Next: 10%
Magic:  7/7        EV: 13    Int:  6    God:    Ru [**....]
Gold:   312        SH:  0    Dex: 15    Spells: 7/7 levels left

rFire   . . .      SeeInvis .     - Unarmed
rCold   . . .      Faith    .   (no shield)
rNeg    . . .      Spirit   .   h - +1 robe of the Cockatrice {Dex+3}
rPois   +          Reflect  .   (helmet restricted)
rElec   .          Harm     .   (no cloak)
rCorr   .          Rampage  .   (gloves unavailable)
Will    .....                   (boots unavailable)
Stlth   ++........              (no amulet)
HPRegen 1.04/turn               e - ring of poison resistance
MPRegen 0.10/turn               (no ring)

@: no status effects
A: large, unfitting armour, claws 3, regeneration 1, shaggy fur 1, tough skin 1,
inexperienced 1
a: Renounce Religion


You were in a bailey.
You worshipped Ru.
Ru was pleased with you.
You visited 2 branches of the dungeon, and saw 8 of its levels.
You also visited: Bailey.

You collected 312 gold pieces.

Inventory:

Armour
 a - a +1 robe
 h - the +1 robe of the Cockatrice (worn) {Dex+3}
   (You found it on level 6 of the Dungeon)

   Dex:       It affects your dexterity (+3).
Jewellery
 e - a ring of poison resistance (left claw)
 j - an amulet of magic regeneration
 k - a ring of ice
 m - an amulet of faith
Scrolls
 b - 3 scrolls of identify
 d - 2 scrolls of teleportation
 i - a scroll of amnesia
 n - a scroll of enchant armour
 p - a scroll of brand weapon
Potions
 c - a potion of resistance
 f - a potion of might
 g - a potion of heal wounds {unknown}
 l - a potion of brilliance
 o - 2 potions of mutation {unknown}
 q - a potion of invisibility {unknown}


   Skills:
 + Level 6.6 Fighting
 * Level 8.2 Dodging
 - Level 2.0 Stealth
 + Level 8.9 Unarmed Combat


You had 7 spell levels left.
You didn't know any spells.
Your spell library contained the following spells:

 Spells                   Type           Power      Damage    Failure   Level
 Beastly Appendage        Tmut           0%         N/A       45%         1
 Wereblood                Tmut           0%         N/A       58%         2
 Spider Form              Tmut/Pois      0%         N/A       83%         3


Dungeon Overview and Level Annotations

Branches:
Dungeon (7/15)             Temple (1/1) D:6          Bailey (1/1)

Altars:
Ashenzari
Cheibriados
Elyvilon
Fedhas
Gozag
Kikubaaqudgha
Makhleb
Nemelex Xobeh
Okawaru
Qazlal
Ru
Sif Muna
Trog
Uskayaw
Vehumet
Xom
Yredelemnul
Zin
The Shining One

Shops:
D:5 *

Annotations:
D:4 Menkaure
D:5 exclusion: upstairs
D:7 Prince Ribbit


Innate Abilities, Weirdness & Mutations

You are too large for most types of armour.
You have claws for hands.
Your natural rate of healing is unusually fast.
You are covered in fur. (AC +1)
You have tough skin. (AC +1)
You are somewhat inexperienced. (-2 XL)


Message History

Okay, then.
You see here a +0 shortbow.
You see here a +0 scythe.
You see here a +0 shortbow.
There is a gate leading back out of this place here.
There is an open door here.
Things that are here:
a +0 broad axe; a +0 plate armour; a human corpse You open the door.
A vault guard comes into view. It is wielding a +0 broad axe.
The vault guard shouts!
Found an inky potion and a scroll of enchant weapon.
You aren't carrying any items that you can evoke.
There is an open door here.
The vault guard hits you with a +0 broad axe!!
You scratch the vault guard.
The vault guard is lightly wounded.
The vault guard hits you with a +0 broad axe!
You claw the vault guard!
The vault guard is moderately wounded.
The vault guard hits you with a +0 broad axe!
You claw the vault guard!
The vault guard is moderately wounded.
The vault guard closely misses you.
You closely miss the vault guard.
The vault guard is moderately wounded.
The vault guard barely misses you.
You scratch the vault guard but do no damage.
The vault guard is moderately wounded.
You claw the vault guard!
The vault guard is heavily wounded.
The vault guard hits you with a +0 broad axe.
You scratch the vault guard.
The vault guard is heavily wounded.
The vault guard hits you with a +0 broad axe!
* * * LOW HITPOINT WARNING * * *
You claw the vault guard!
The vault guard is severely wounded.
The vault guard hits you with a +0 broad axe!!
You die...

'####..###'###
...))..#≈..≈≈#
....####≈..≈≈#
...##≈##≈.≈≈####
...#≈≈≈≈).≈≈#?.≈##
..##≈≈≈≈≈.≈≈#!..≈#
#.#≈≈≈≈...≈≈##..≈##
###≈≈≈≈≈...≈≈#≈p.≈#
#≈≈≈≈...≈≈≈##≈@.#
#≈≈≈≈≈≈...≈≈###'#
#≈≈≈≈.≈....≈≈≈≈.#
##≈≈≈.≈......).##
#≈≈≈.......≈≈≈#
##≈≈≈##'##≈≈≈##
##≈##...##≈##
###.....### #..∩..#


You could see a vault guard.

Vanquished Creatures
  A vault guard (Bailey)
  A blink frog (Bailey)
  Grinder (D:6)
  4 humans (Bailey)
  3 orc warriors
  A sky beast (D:6)
  2 black bears
  2 ice beasts
  6 ogres
  A centaur (D:5)
  2 water moccasin zombies
  7 bullfrogs
  A scorpion (D:5)
  5 killer bees (D:6)
  2 howler monkeys (D:5)
  A bullfrog zombie (D:6)
  A centaur zombie (D:6)
  A hound (D:4)
  3 jellies
  2 bullfrog skeletons
  2 iguanas
  2 orc wizards
  6 gnolls
  A howler monkey skeleton (D:5)
  5 adders
  A white imp (D:6)
  A worm (D:2)
  2 dart slugs (D:3)
  23 orcs
  5 ball pythons
  3 endoplasms
  7 giant cockroaches
  17 goblins
  6 hobgoblins
  6 jackals (D:1)
  9 kobolds
  6 quokkas
  9 bats
  6 frilled lizards
  4 rats
168 creatures vanquished.

Vanquished Creatures (others)
  A hobgoblin (Bailey)
  4 fungi (D:2)
  18 plants
23 creatures vanquished.

Grand Total: 191 creatures vanquished

Notes
Turn   | Place    | Note
-------+----------+-------------------------------------------
     0 | D:1      | ultragoat the Troll Monk began the quest for the Orb.
     0 | D:1      | Reached XP level 1. HP: 22/22 MP: 0/0
   112 | D:1      | Reached XP level 2. HP: 29/29 MP: 1/1
   153 | D:1      | You fall into a shaft and drop 1 floor!
   343 | D:2      | Found a faded altar of an unknown god.
   367 | D:2      | Reached XP level 3. HP: 21/36 MP: 2/2
   793 | D:2      | Reached XP level 4. HP: 22/44 MP: 3/3
  1649 | D:3      | Reached XP level 5. HP: 53/53 MP: 4/4
  2520 | D:4      | Identified the +3 ring mail of the Louse {Harm Int+4
                  | Slay-3}
  2538 | D:4      | Noticed Menkaure
  2551 | D:5      | Entered Level 5 of the Dungeon
  2563 | D:5      | Found Dnkut's Desiderata Depot.
  2581 | D:5      | Noticed a centaur
  2589 | D:5      | Noticed a black bear
  2597 | D:5      | Killed a black bear
  2598 | D:5      | Reached XP level 6. HP: 22/61 MP: 5/5
  2616 | D:5      | Reached skill level 5 in Unarmed Combat
  2628 | D:5      | Noticed an ice beast
  2636 | D:4      | Killed an ice beast
  2637 | D:4      | Reached XP level 7. HP: 19/70 MP: 6/6
  3472 | D:5      | Reached XP level 8. HP: 67/79 MP: 7/7
  3609 | D:6      | Identified the +1 robe of the Cockatrice {Dex+3}
  3701 | D:6      | Reached skill level 5 in Dodging
  3757 | D:6      | Reached skill level 5 in Fighting
  3759 | D:6      | Noticed Grinder
  3949 | D:6      | Reached XP level 9. HP: 34/88 MP: 8/8
  4284 | D:6      | Found a staircase to the Ecumenical Temple.
  4308 | Temple   | Entered the Ecumenical Temple
  4545 | Temple   | Became a worshipper of Ru the Awakened
  4573 | D:6      | Gained mutation: You are somewhat inexperienced. (-2 XL)
                  | [Ru sacrifice]
  4573 | D:6      | Reached XP level 8. HP: 81/81 MP: 7/7
  4573 | D:6      | Reached XP level 7. HP: 72/72 MP: 6/6
  4573 | D:6      | Reached * piety under Ru
  4573 | D:6      | Reached ** piety under Ru
  4966 | D:6      | Killed Grinder
  5081 | D:7      | Found a flagged portal.
  5082 | D:7      | Noticed Prince Ribbit
  5130 | Bailey   | Entered a bailey
  5465 | Bailey   | Noticed a vault guard
  5488 | Bailey   | Killed a vault guard
  5489 | Bailey   | Reached XP level 8. HP: 14/84 MP: 7/7
  5493 | Bailey   | HP: 4/84 [blink frog (14)]
  5623 | Bailey   | Noticed a vault guard
  5634 | Bailey   | Slain by a vault guard

Illustrated notes

Levels and vault maps discovered:
D:1:      kennysheep_arrival_forest, layout_loops_ring
D:2:      layout_rooms, shapermc_ecumenical_altar_mp_urbaneastern
D:3:      layout_loops_ring, serial_glass, glass_columns_b, glass_columns_a,
          glass_columns_b, glass_columns_a, glass_columns_a, glass_columns_c,
          glass_columns_a, glass_columns_a, glass_columns_b, glass_columns_c
D:4:      layout_cave_pools, uniq_menkaure
D:5:      layout_rooms, nicolae_alphabet_shops, hex_large
D:6:      layout_basic, minmay_temple_entry_mini_moons, minmay_alternating_orb,
          uniq_grinder
D:7:      layout_basic, mainiacjoe_overflow_concentric_impassable,
          enter_bailey_3, uniq_prince_ribbit1, uniq_pikel
Temple:   mainiacjoe_temple_circle_huts
Bailey:   bailey_axe_froggy_fort_hellmonk, bailey

Skill      XL: |  1  2  3  4  5  6  7  8 |
---------------+-------------------------+-----
Fighting       | 3 4 6 5 |  6.6
Dodging        | 3 4 8 6 |  8.2
Unarmed Combat | 4 5 8 7 |  8.9
Stealth        | 2 |  2.0

Action                   |  1- 3 |  4- 6 |  7- 9 || total
-------------------------+-------+-------+-------++-------
Melee: Unarmed           |   101 |   149 |   299 ||   549
       Punch             |     1 |     2 |    14 ||    17
Invok: Sacrifice Experie |       |       |     1 ||     1
  Use: Scroll            |     2 |     3 |     5 ||    10
       Potion            |       |     4 |     2 ||     6
 Stab: Sleeping          |     3 |     5 |     2 ||    10
       Distracted        |       |       |     2 ||     2
       Invisible         |       |       |     1 ||     1
Armor: Robe              |    29 |    44 |    39 ||   112
Dodge: Dodged            |    37 |    73 |   159 ||   269
